 Dungeon Crawl Stone Soup version 0.23.2-33-g5129a83184 (webtiles) character file.

Game seed: 16866699355446077121

569 xelsha the Stinger (level 7, 0/67 HPs)
             Began as a Gnoll Venom Mage on July 21, 2019.
             Slain by a water moccasin (6 damage)
             ... on level 4 of the Dungeon.
             The game lasted 00:13:54 (4632 turns).

xelsha the Stinger (Gnoll Venom Mage)               Turns: 4632, Time: 00:13:54

Health: 0/67       AC: 23    Str: 11    XL:     7   Next: 33%
Magic:  10/15      EV:  2    Int: 18    God:
Gold:   216        SH:  0    Dex: 16    Spells: 11/17 levels left

rFire    . . .     SeeInvis .   f - +0 trident
rCold    . . .     Gourm    .   (no shield)
rNeg     + + +     Faith    .   (armour currently unavailable)
rPois    +         Spirit   .   (helmet currently unavailable)
rElec    .         Reflect  .   (cloak currently unavailable)
rCorr    .         Harm     .   (gloves currently unavailable)
MR       .....     NoTele   +   (boots currently unavailable)
Stlth    +++.......             (no amulet)
HPRegen  0.21/turn              (no ring)
MPRegen  0.14/turn              (no ring)

@: lethally poisoned (0 -> -3), tree-form
A: distributed training, frail 1, strong nose
a: no special abilities


You were on level 4 of the Dungeon.
You were not hungry.
You were a tree.
You visited 2 branches of the dungeon, and saw 5 of its levels.

You collected 216 gold pieces.

Inventory:

Hand Weapons
 d - a +0 dagger
 e - a +0 spear
 f - a +0 trident (weapon)
 k - a +0 hand axe of chopping
Missiles
 i - 126 stones (quivered)
 j - 45 sling bullets
Armour
 a - a +0 robe
 g - a +0 ring mail
 h - a +1 ring mail of fire resistance (melded)
Scrolls
 b - 5 scrolls of identify
 m - a scroll of remove curse
 q - a scroll of fog {unknown}
Comestibles
 c - 7 rations


   Skills:
 + Level 2.3 Fighting
 + Level 2.3 Short Blades
 + Level 2.3 Long Blades
 + Level 2.3 Axes
 + Level 2.3 Maces & Flails
 + Level 2.3 Polearms
 + Level 2.3 Staves
 + Level 2.3 Slings
 + Level 2.3 Bows
 + Level 2.3 Crossbows
 + Level 2.3 Throwing
 + Level 2.3 Armour
 + Level 5.2 Dodging
 + Level 4.8 Stealth
 + Level 2.3 Shields
 + Level 2.3 Unarmed Combat
 + Level 5.5 Spellcasting
 + Level 2.9 Conjurations
 + Level 1.9 Hexes
 + Level 1.9 Charms
 + Level 1.9 Summonings
 + Level 1.9 Necromancy
 + Level 1.9 Translocations
 + Level 1.9 Transmutations
 + Level 1.9 Fire Magic
 + Level 1.9 Ice Magic
 + Level 1.9 Air Magic
 + Level 1.9 Earth Magic
 + Level 5.8 Poison Magic
 + Level 2.6 Invocations
 + Level 2.3 Evocations


You had 11 spell levels left.
You knew the following spells:

 Your Spells              Type           Power        Failure   Level  Hunger
a - Sting                 Conj/Pois      ###.         1%          1    None
b - Poisonous Vapours     Pois/Air       ###...       3%          2    None
c - Mephitic Cloud        Conj/Pois/Air  ###.....     9%          3    ##.....

Your spell library contained the following spells:

 Spells                   Type           Power        Failure   Level  Hunger
 Olgreb's Toxic Radiance  Pois           ####....     12%         4    ####...
 Venom Bolt               Conj/Pois      ###.......   50%         5    #####..


Dungeon Overview and Level Annotations

Branches:
Dungeon (4/15)             Temple (1/1) D:4

Altars:
Cheibriados
Dithmenos
Elyvilon
Gozag
Hepliaklqana
Makhleb
Nemelex Xobeh
Okawaru
Qazlal
Ru
Trog
Uskayaw
Vehumet
Wu Jian
Xom

Shops:
D:2 *


Innate Abilities, Weirdness & Mutations

Your experience applies equally to all skills.
((You have very sharp teeth.))
Your uncanny sense of smell can sniff out nearby items.
((You have a pair of small antennae on your head.))
You are frail. (-10% HP)


Message History

* * * LOW HITPOINT WARNING * * *
You hit the water moccasin.
The water moccasin is severely wounded.
You feel sick.
The water moccasin completely misses you.
The gnoll is engulfed in noxious fumes.
The gnoll appears confused.
A worker ant comes into view.
The gnoll hits you but does no damage. The water moccasin bites you.
* * * LOW HITPOINT WARNING * * *
The gnoll is engulfed in noxious fumes.
The gnoll appears confused.
You closely miss the water moccasin.
The water moccasin is severely wounded.
You feel sick.
The water moccasin completely misses you.
The gnoll hits you.
* * * LOW HITPOINT WARNING * * *
The gnoll is engulfed in noxious fumes.
The gnoll appears confused.
The gnoll closely misses the water moccasin.
The water moccasin bites you.
You die...

#........
##........
#....>....
#.........
##.........
#......####
#.........
##.........
#♣.........
.....gSg.........
....g°°..........
h..###...........
.. ##.........
#a........
#.........
.........


You could see a water moccasin, a worker ant, 3 gnolls and a jackal.

Vanquished Creatures
  3 ogres (D:4)
  A howler monkey (D:4)
  3 orc wizards
  An orc priest (D:4)
  A gnoll (D:1)
  7 adders
  An ooze (D:1)
  An adder zombie (D:2)
  A worm (D:3)
  2 dart slugs
  3 leopard geckos
  7 orcs
  2 ball pythons (D:3)
  4 bats
  2 bat zombies (D:2)
  A giant cockroach (D:1)
  9 goblins
  6 hobgoblins
  4 jackals (D:1)
  2 quokkas
  4 frilled lizards
  A giant cockroach zombie (D:2)
  A jackal skeleton (D:2)
  6 kobolds
  2 leopard gecko skeletons (D:2)
  8 rats
83 creatures vanquished.

Notes
Turn   | Place    | Note
-------+----------+-------------------------------------------
     0 | D:1      | xelsha the Gnoll Venom Mage began the quest for the Orb.
     0 | D:1      | Reached XP level 1. HP: 13/13 MP: 6/6
    12 | D:1      | Reached XP level 2. HP: 20/20 MP: 2/7
    75 | D:1      | Learned a level 2 spell: Poisonous Vapours
   271 | D:1      | You fall through a shaft!
   414 | D:1      | Reached skill level 5 in Spellcasting
   414 | D:1      | Reached XP level 3. HP: 25/25 MP: 7/9
   812 | D:2      | Reached skill level 1 in Invocations
  1075 | D:2      | Found Gozag's Platinum Reserve.
  1086 | D:2      | Found an opulent altar of Gozag.
  1158 | D:2      | Reached skill level 1 in Fighting
  1158 | D:2      | Reached skill level 1 in Short Blades
  1158 | D:2      | Reached skill level 1 in Long Blades
  1158 | D:2      | Reached skill level 1 in Axes
  1158 | D:2      | Reached skill level 1 in Maces & Flails
  1158 | D:2      | Reached skill level 1 in Polearms
  1158 | D:2      | Reached skill level 1 in Staves
  1158 | D:2      | Reached skill level 1 in Slings
  1158 | D:2      | Reached skill level 1 in Bows
  1158 | D:2      | Reached skill level 1 in Crossbows
  1158 | D:2      | Reached skill level 1 in Throwing
  1158 | D:2      | Reached skill level 1 in Armour
  1158 | D:2      | Reached skill level 1 in Shields
  1158 | D:2      | Reached skill level 1 in Unarmed Combat
  1158 | D:2      | Reached skill level 1 in Evocations
  1158 | D:2      | Reached XP level 4. HP: 29/32 MP: 8/11
  1349 | D:2      | Found a faded altar of an unknown god.
  1517 | D:2      | Found a sparkling altar of Nemelex Xobeh.
  2061 | D:3      | Reached skill level 1 in Hexes
  2061 | D:3      | Reached skill level 1 in Charms
  2061 | D:3      | Reached skill level 1 in Summonings
  2061 | D:3      | Reached skill level 1 in Necromancy
  2061 | D:3      | Reached skill level 1 in Translocations
  2061 | D:3      | Reached skill level 1 in Transmutations
  2061 | D:3      | Reached skill level 1 in Fire Magic
  2061 | D:3      | Reached skill level 1 in Ice Magic
  2061 | D:3      | Reached skill level 1 in Air Magic
  2061 | D:3      | Reached skill level 1 in Earth Magic
  2130 | D:3      | Found a snail-covered altar of Cheibriados.
  2130 | D:3      | Found a shadowy altar of Dithmenos.
  2407 | D:3      | Reached XP level 5. HP: 34/37 MP: 3/12
  2720 | D:3      | Found a shimmering altar of Xom.
  2735 | D:3      | Found an ornate altar of the Wu Jian Council.
  2892 | D:3      | Found a white marble altar of Elyvilon.
  3190 | D:4      | Noticed an ogre
  3209 | D:4      | Killed an ogre
  3209 | D:4      | Reached XP level 6. HP: 24/44 MP: 2/13
  3537 | D:4      | Reached skill level 5 in Dodging
  3701 | D:4      | HP: 2/44 [something/magic dart (6)]
  3703 | D:4      | Gained mutation: You are frail. (-10% HP) [potion of
                  | mutation]
  3703 | D:4      | Gained mutation: You have a pair of small antennae on your
                  | head. [potion of mutation]
  3703 | D:4      | Reached XP level 7. HP: 2/45 MP: 2/15
  4297 | D:4      | Learned a level 3 spell: Mephitic Cloud
  4311 | D:4      | Found a staircase to the Ecumenical Temple.
  4343 | Temple   | Entered the Ecumenical Temple
  4632 | D:4      | Slain by a water moccasin

Skill      XL: |  1  2  3  4  5  6 |
---------------+-------------------+-----
Conjurations   | 2 |  2.9
Spellcasting   | 5 |  5.5
Invocations    | 1 2 |  2.6
Fighting       | 1 2 |  2.3
Short Blades   | 1 2 |  2.3
Long Blades    | 1 2 |  2.3
Axes           | 1 2 |  2.3
Maces & Flails | 1 2 |  2.3
Polearms       | 1 2 |  2.3
Staves         | 1 2 |  2.3
Slings         | 1 2 |  2.3
Bows           | 1 2 |  2.3
Crossbows      | 1 2 |  2.3
Throwing       | 1 2 |  2.3
Armour         | 1 2 |  2.3
Shields        | 1 2 |  2.3
Unarmed Combat | 1 2 |  2.3
Evocations     | 1 2 |  2.3
Hexes          | 1 |  1.9
Charms         | 1 |  1.9
Summonings     | 1 |  1.9
Necromancy     | 1 |  1.9
Translocations | 1 |  1.9
Transmutations | 1 |  1.9
Fire Magic     | 1 |  1.9
Ice Magic      | 1 |  1.9
Air Magic      | 1 |  1.9
Earth Magic    | 1 |  1.9
Dodging        | 5 |  5.2
Stealth        | |  4.8
Poison Magic   | |  5.8

Action                   |  1- 3 |  4- 6 |  7- 9 || total
-------------------------+-------+-------+-------++-------
Melee: Spear             |    98 |   227 |       ||   325
       Bite              |     3 |    15 |       ||    18
       Trident           |       |       |    19 ||    19
 Cast: Sting             |     6 |       |       ||     6
       Poisonous Vapours |     1 |    25 |     6 ||    32
       Mephitic Cloud    |       |       |     1 ||     1
  Use: Scroll            |     3 |     2 |     1 ||     6
       Potion            |       |     5 |     1 ||     6
 Stab: Sleeping          |     5 |     6 |       ||    11
       Distracted        |       |       |     1 ||     1
  Eat: Chunk             |       |     9 |       ||     9
       Ration            |       |       |     1 ||     1
Armor: Ring mail         |    58 |    64 |     1 ||   123
       Skin              |       |    37 |    13 ||    50
Dodge: Dodged            |   105 |   120 |    10 ||   235
